 Dungeon Crawl Stone Soup version 0.29-a0-193-ga21e45360d (webtiles) character file.

Game seed: 9919579077371814551

486 Satinysquid the Skirmisher (level 6, -3/55 (57) HPs)
             Began as a Minotaur Fighter on Feb 22, 2022.
             Slain by a sky beast (5 damage)
             ... on level 3 of the Dungeon.
             The game lasted 01:18:16 (4281 turns).

Satinysquid the Skirmisher (Minotaur Fighter)       Turns: 4281, Time: 01:18:17

HP:   -3/55 (57)    AC: 10    Str: 21    XL:     6   Next: 89%
MP:   14/14         EV:  7    Int:  5    God:
Gold: 196           SH:  4    Dex: 11    Spells: 5/5 levels left

rFire   . . .      SeeInvis .   a - +0 long sword
rCold   . . .      Faith    .   c - +0 buckler
rNeg    . . .      Spirit   .   m - +0 chain mail
rPois   .          Reflect  .   (helmet restricted)
rElec   .          Harm     .   (no cloak)
rCorr   .          Rampage  .   (no gloves)
Will    .....                   (no boots)
Stlth   ..........              (no amulet)
HPRegen 0.18/turn               e - ring of magical power
MPRegen 0.14/turn               (no ring)

@: about to teleport, lightly drained
A: horns 2, retaliatory headbutt
a: no special abilities


You were on level 3 of the Dungeon.
You visited 1 branch of the dungeon, and saw 4 of its levels.

You collected 196 gold pieces.

Inventory:

Hand Weapons
 a - a +0 long sword (weapon)
 j - a +0 dagger
Missiles
 b - 25 stones (quivered)
 l - 8 poisoned darts
Armour
 c - a +0 buckler (worn)
 m - a +0 chain mail (worn)
Jewellery
 e - a ring of magical power (left hand)
Scrolls
 f - a scroll of teleportation
Potions
 h - a potion of resistance {unknown}
 i - a potion of lignification
 k - 2 potions of attraction {unknown}
 o - 2 potions of heal wounds {unknown}


   Skills:
 + Level 5.8 Fighting
 + Level 4.8 Long Blades
 + Level 2.5 Throwing
 + Level 5.6 Armour
 - Level 0.1 Dodging
 - Level 4.3 Shields


You had 5 spell levels left.
You didn't know any spells.
Your spell library was empty.

Dungeon Overview and Level Annotations

Branches:
Dungeon (4/15)
 Temple: D:4-7

Altars:
Vehumet
Yredelemnul


Innate Abilities, Weirdness & Mutations

You have a pair of horns on your head.
You reflexively headbutt those who attack you in melee.


Message History

The sky beast flickers out of sight!
Deactivating autopickup; reactivate with Ctrl-A.
Something hits you. Something shocks you. The necrophage hits you.
A sky beast appears from thin air!
Reactivating autopickup.
The sky beast hits you but does no damage.
The necrophage hits you but does no damage.
The necrophage hits you but does no damage.
The sky beast flickers out of sight!
Deactivating autopickup; reactivate with Ctrl-A.
You block something's attack. You block the necrophage's attack.
You barely miss the necrophage.
The necrophage is lightly damaged.
Something hits you. Something shocks you.
The necrophage hits you but does no damage.
Something hits you but does no damage. The necrophage hits you.
You feel drained.
The necrophage hits you but does no damage.
Something hits you. Something shocks you.
The necrophage hits you but does no damage.
A sky beast appears from thin air!
Reactivating autopickup.
There is a stone staircase leading up here.
The necrophage closely misses you. The sky beast hits you.
The sky beast shocks you.
* * * LOW HITPOINT WARNING * * *
You climb upwards.
There is a stone staircase leading down here.
As you read the scroll of teleportation, it crumbles to dust.
You feel strangely unstable.
The necrophage hits you but does no damage.
The sky beast hits you.
* * * LOW HITPOINT WARNING * * *
The sky beast shocks you.
* * * LOW HITPOINT WARNING * * *
Okay, then.
The necrophage closely misses you. The sky beast hits you.
* * * LOW HITPOINT WARNING * * *
The sky beast shocks you.
You die...

#############
#.>@........#######
#.Yn..............##
#############..........
#...)....# #..#####.##
#######........####..#
#.#
#................_#..#
#.##
#.#####........####..#
#... #.# #........#
#..# ####
#.##############
#..########


You could see a sky beast and a necrophage.

Vanquished Creatures
  3 ogres
  A jelly (D:3)
  An iguana (D:4)
  A hound zombie (D:3)
  A howler monkey skeleton (D:4)
  8 adders
  A worm (D:3)
  2 dart slugs
  2 orcs
  6 endoplasms
  7 giant cockroaches
  9 goblins
  3 hobgoblins (D:1)
  4 jackals (D:1)
  4 kobolds
  2 quokkas (D:3)
  4 ball pythons
  7 bats
  3 frilled lizards
  A jackal zombie (D:3)
  6 rats
76 creatures vanquished.

Vanquished Creatures (others)
  31 plants (D:3)
31 creatures vanquished.

Grand Total: 107 creatures vanquished

Notes
Turn   | Place    | Note
-------+----------+-------------------------------------------
     0 | D:1      | Satinysquid the Minotaur Fighter began the quest for the
                  | Orb.
     0 | D:1      | Reached XP level 1. HP: 19/19 MP: 0/0
   166 | D:1      | Reached XP level 2. HP: 27/27 MP: 1/1
   514 | D:1      | Reached XP level 3. HP: 19/33 MP: 2/2
  1113 | D:2      | Reached XP level 4. HP: 15/41 MP: 3/3
  1955 | D:3      | Found a faded altar of an unknown god.
  2140 | D:3      | Noticed an ogre
  2245 | D:3      | Found a radiant altar of Vehumet.
  2570 | D:3      | Noticed an ogre
  2590 | D:3      | Killed an ogre
  2591 | D:3      | Reached skill level 5 in Fighting
  2591 | D:3      | Reached skill level 1 in Throwing
  2591 | D:3      | Reached XP level 5. HP: 40/48 MP: 4/4
  2794 | D:3      | Reached skill level 5 in Armour
  2802 | D:3      | Found a basalt altar of Yredelemnul.
  2968 | D:3      | Killed an ogre
  2969 | D:3      | Reached XP level 6. HP: 34/56 MP: 5/5
  3983 | D:4      | Noticed a sky beast
  4281 | D:3      | HP: 2/55 [sky beast (2)]
  4281 | D:3      | Slain by a sky beast

Illustrated notes

Levels and vault maps discovered:
D:1:      matt_arrival_diagonals, layout_basic, wad_floor_pattern_untrapped,
          minmay_split_cup_large
D:2:      layout_basic
D:3:      layout_loops_ring, lemuel_zombie_altar_yredelemnul,
          fiery_altar_vehumet, hellmonk_ecumenical_altar_leap_of_faith,
          serial_bayou, serial_bayou_pond_e, serial_bayou_lagoon_b,
          serial_bayou_shore_b, serial_bayou_pond_d,
          chequers_serial_rivers_large_b
D:4:      layout_rooms, slow_altar_1, minmay_temple_entry_trees, st_stairs_1,
          columned_hall_lemuel, uniq_menkaure, uniq_duvessa

Skill      XL: |  1  2  3  4  5 |
---------------+----------------+-----
Fighting       | 4 5 |  5.8
Armour         | 4 5 |  5.6
Long Blades    | 3 4 |  4.8
Shields        | 4 |  4.3
Throwing       | 1 2 |  2.5
Dodging        | |  0.1

Action                   |  1- 3 |  4- 6 || total
-------------------------+-------+-------++-------
Melee: Long sword        |    95 |   131 ||   226
       Headbutt          |     8 |    20 ||    28
Throw: Stone             |    42 |     2 ||    44
       Throwing net      |       |     1 ||     1
       Dart              |       |     1 ||     1
  Use: Scroll            |       |    12 ||    12
       Potion            |       |     2 ||     2
Armor: Scale mail        |    41 |       ||    41
       Chain mail        |    17 |    51 ||    68
Dodge: Dodged            |    63 |    42 ||   105
Block: Buckler           |    21 |    22 ||    43

Table legend: (Time is in decaauts)
 A = Elapsed time spent in this place.
 B = Non-inter-level travel time spent in this place.
 C = Inter-level travel time spent in this place.
 D = Time resting spent in this place.
 E = Time spent auto-exploring this place.
 F = Levels seen in this place.
 G = Mean time per level.
                   A        B        C        D        E       F      G
               +--------+--------+--------+--------+--------+-----+--------+
         Total |   4465 |   4297 |    168 |    336 |   1729 |   4 | 1116.2 |
       Dungeon |   4465 |   4297 |    168 |    336 |   1729 |   4 | 1116.2 |
               +--------+--------+--------+--------+--------+-----+--------+

Top non-repeatable levels by time:
     D:3: 2122 daAuts
     D:2: 1327 daAuts
     D:1: 907 daAuts
     D:4: 108 daAuts
